 Dungeon Crawl Stone Soup version 0.22-a0-402-ga933591 (webtiles) character file.

37 Mgcat the Ruffian (level 3, -1/32 HPs)
             Began as a Naga Transmuter on May 7, 2018.
             Slain by a bullfrog skeleton (3 damage)
             ... on level 2 of the Dungeon.
             The game lasted 00:02:57 (1063 turns).

Mgcat the Ruffian (Naga Transmuter)                 Turns: 1063, Time: 00:02:58

Health: -1/32      AC:  2    Str: 12    XL:     3   Next: 39%
Magic:  4/6        EV: 10    Int: 14    God:
Gold:   27         SH:  0    Dex: 11    Spells: 0/6 levels left

rFire    . . .     SeeInvis +     - Unarmed
rCold    . . .     Gourm    +   (no shield)
rNeg     . . .     Faith    .   b - +0 robe
rPois    +         Spirit   .   (no helmet)
rElec    .         Reflect  .   (no cloak)
rCorr    .         Harm     .   (no gloves)
MR       .....                  (no barding)
Stlth    +.........             l - amulet of the gourmand {Gourm, !d}
HPRegen  0.10/turn              (no ring)
MPRegen  0.10/turn              (no ring)

@: short of breath, very slow
A: large, see invisible, deformed body, poison resistance, slowness 2, slow
metabolism 1, spit poison 1, AC +1
a: Spit Poison


You were on level 2 of the Dungeon.
You were full.

You visited 1 branch of the dungeon, and saw 2 of its levels.

You collected 27 gold pieces.

Inventory:

Missiles
 a - 37 arrows
Armour
 b - a +0 robe (worn)
Jewellery
 l - an amulet of the gourmand (around neck) {Gourm, !d}
   (You found it on level 1 of the Dungeon)
Scrolls
 c - 3 scrolls of remove curse {unknown}
 e - 3 scrolls of identify {unknown}
 f - a scroll of teleportation {unknown}
 i - a scroll of magic mapping {unknown}
 k - a scroll of blinking {unknown}
Potions
 h - a potion of resistance {unknown}
 j - a potion of haste {unknown}
Comestibles
 d - 4 rations


   Skills:
 + Level 1.7 Fighting
 - Level 1.5 Dodging
 + Level 3.3 Unarmed Combat
 + Level 2.4 Spellcasting
 + Level 2.4 Transmutations
 + Level 0.3 Poison Magic


You couldn't memorise any spells.
You knew the following spells:

 Your Spells              Type           Power        Failure   Level  Hunger
a - Beastly Appendage     Tmut           #.....       9%          1    #......
b - Sticks to Snakes      Tmut           #.......     13%         2    ###....
c - Spider Form           Tmut/Pois      #.........   36%         3    ###....


Dungeon Overview and Level Annotations

Branches:
Dungeon (2/15)

Altars:


Innate Abilities, Weirdness & Mutations

You cannot wear boots.
Your serpentine skin is tough. (AC +1)
You have supernaturally acute eyesight. (SInv)
Armour fits poorly on your strangely shaped body.
Your system is resistant to poisons. (rPois)
You cover ground very slowly.
You have a slow metabolism.
You can spit poison.


Message History

The quokka completely misses you.
You hit the quokka.
The quokka is moderately wounded.
The quokka closely misses you.
Press: ? - help, Shift-Dir - straight line, f - quokka
Aim: a quokka (moderately wounded)
The splash of poison hits the quokka.
The quokka is poisoned.
The quokka is almost dead.
You feel slightly more hungry. The quokka closely misses you.
You barely miss the quokka.
The quokka is almost dead.
The quokka bites you.
You are too injured to fight recklessly!
You are too injured to fight recklessly!
You are too injured to fight recklessly!
You are too injured to fight recklessly!
You are too injured to fight recklessly!
You are too injured to fight recklessly!
You are too injured to fight recklessly!
You are too injured to fight recklessly!
You are too injured to fight recklessly!
You hit the quokka.
You kill the quokka!
You have got your breath back.
HP restored.
You butcher the hobgoblin corpse.
g - a chunk of flesh {@w0} You see here a club. x2
Eating a chunk of flesh {@w0}.
You eat the chunk of flesh {@w0}.
This raw flesh tastes great.
Found a stone staircase leading up.
Things that are here:
a quokka corpse; a giant cockroach corpse You butcher the quokka corpse.
g - 2 chunks of flesh {@w0} You butcher the giant cockroach corpse.
g - 3 chunks of flesh {@w0} (gained 1) Eating one of 3 chunks of flesh {@w0}.
You eat one of the 3 chunks of flesh {@w0}.
This raw flesh tastes great.
Eating one of 2 chunks of flesh {@w0}.
You eat one of the 2 chunks of flesh {@w0}.
This raw flesh tastes great.
Eating a chunk of flesh {@w0}.
You eat the chunk of flesh {@w0}.
This raw flesh tastes great.
You now have 27 gold pieces (gained 6).
You see here a robe.
d - 4 rations (gained 1)
A dart slug comes into view.
Press: ? - help, Shift-Dir - straight line, f - you Really target yourself? [Y]es or [N]o only, please.
Really target yourself?
Okay, then.
Press: ? - help, Shift-Dir - straight line, f - dart slug
Aim: a dart slug The splash of poison hits the dart slug.
The dart slug is heavily wounded.
You feel slightly less full. The dart slug launches a dart at you.
The slug dart hits you!
A bullfrog skeleton comes into view.
The dart slug launches a dart at you. The slug dart misses you.
You hit the dart slug but do no damage.
The dart slug is heavily wounded.
The dart slug bites you.
You are too injured to fight recklessly!
You are too injured to fight recklessly!
You completely miss the dart slug.
The dart slug is heavily wounded.
The bullfrog skeleton hits you.
You hit the dart slug.
The dart slug is severely wounded.
You have got your breath back.
The dart slug launches a dart at you. The slug dart misses you.
The bullfrog skeleton hits you.
You hit the dart slug but do no damage.
The dart slug is severely wounded.
The bullfrog skeleton hits you.
The dart slug bites you but does no damage.
You hit the dart slug.
You kill the dart slug!
The bullfrog skeleton hits you.
* * * LOW HITPOINT WARNING * * *
Press: ? - help, Shift-Dir - straight line, f - bullfrog skeleton
Aim: a bullfrog skeleton The splash of poison hits the bullfrog skeleton.
The bullfrog skeleton completely resists.
You feel slightly less full. The bullfrog skeleton hits you.
* * * LOW HITPOINT WARNING * * *
The bullfrog skeleton barely misses you.
Unknown command.
Unknown command.
Casting: Beastly Appendage (safe; 9% risk of failure)
Confirm with . or Enter, or press ? or * to list all spells.
You create a snake!
You now have 37 arrows.
The bullfrog skeleton barely misses you.
The bullfrog skeleton hits you.
You die...

.......................
........#...#.#<......[#
#######.#.###.#...####..
####+#.#...#..... ..
#..........#######
#..........+
#..........#
............#
#.)......@..#
#.......S.Z.#
............#
#............
.............
##...####.....# #...
...... #... ......


You could see a bullfrog skeleton and a friendly adder.

Vanquished Creatures
  3 dart slugs
  2 leopard geckos (D:1)
  A ball python (D:1)
  2 bats (D:1)
  2 giant cockroaches
  8 hobgoblins
  A quokka (D:2)
  3 frilled lizards (D:1)
  2 goblins (D:1)
  2 rats (D:1)
26 creatures vanquished.

Notes
Turn   | Place    | Note
-------+----------+-------------------------------------------
     0 | D:1      | Mgcat the Naga Transmuter began the quest for the Orb.
     0 | D:1      | Reached XP level 1. HP: 18/18 MP: 3/3
   108 | D:1      | Reached XP level 2. HP: 25/25 MP: 5/5
   142 | D:1      | Learned a level 2 spell: Sticks to Snakes
   582 | D:1      | Reached XP level 3. HP: 25/31 MP: 4/6
   613 | D:1      | Learned a level 3 spell: Spider Form
  1060 | D:2      | HP: 6/32 [bullfrog skeleton (6)]
  1061 | D:2      | HP: 1/32 [bullfrog skeleton (5)]
  1063 | D:2      | Slain by a bullfrog skeleton

Vault maps used:
D:1:      roderic_crossed_star, minmay_tripent
D:2:      uniq_jessica, uniq_natasha

Action                   || total
-------------------------++-------
Melee: Unarmed           ||    67
       Headbutt          ||     1
 Cast: Beastly Appendage ||     4
       Sticks to Snakes  ||     1
 Abil: Spit Poison       ||    26
  Eat: Chunk             ||    10
Armor: Robe              ||     6
Dodge: Dodged            ||    38

Table legend:
 A = Spawn XP
 B = Non-spawn XP
 C = Spawn XP percentage of total XP
 D = Spawn monster count
 E = Non-spawn monster count
 F = Spawn count percentage of total count
 G = Total turns spent on level
                    A         B        C        D         E        F      G
               +---------+---------+-------+---------+---------+-------+---------
         Total |       0 |      53 |   0.0 |       0 |      26 |   0.0 |  1063
               +---------+---------+-------+---------+---------+-------+---------
           D:1 |       0 |      41 |   0.0 |       0 |      21 |   0.0 |   980
           D:2 |       0 |      12 |   0.0 |       0 |       5 |   0.0 |    83
               +---------+---------+-------+---------+---------+-------+---------

Vault maps used:
D:1:      roderic_crossed_star, minmay_tripent
D:2:      uniq_jessica, uniq_natasha

Table legend:
 A = Turns spent in this place as a percentage of turns spent in the entire game.
 B = Non-inter-level travel turns spent in this place as a percentage of non-inter-level travel turns spent in the entire game.
 C = Inter-level travel turns spent in this place as a percentage of turns spent in this place.
 D = Turns resting spent in this place as a percentage of non-inter-level travel turns spent in this place.
 E = Turns spent auto-exploring this place as a percentage of non-inter-level travel turns spent in this place.
 F = Non-inter-level travel turns spent in this place divided by the number of levels of this place that you've seen.
                   A       B       C       D       E      F
               +-------+-------+-------+-------+-------+----------------------
         Total | 100.0 | 100.0 |   4.1 |   0.0 |  83.9 | 509.5
       Dungeon | 100.0 | 100.0 |   4.1 |   0.0 |  83.9 | 509.5
               +-------+-------+-------+-------+-------+----------------------

Table legend:
 A = Kills in this place as a percentage of kills in entire the game.
 B = Kills by you in this place as a percentage of kills by you in the entire game.
 C = Kills by friends in this place as a percentage of kills by friends in the entire game.
 D = Other kills in this place as a percentage of other kills in the entire game.
 E = Experience gained in this place as a percentage of experience gained in the entire game.
 F = Experience gained in this place divided by the number of levels of this place that you have seen.
                   A       B       C       D       E      F
               +-------+-------+-------+-------+-------+----------------------
         Total | 100.0 | 100.0 |   N/A |   N/A | 100.0 |  26.5
       Dungeon | 100.0 | 100.0 |   N/A |   N/A | 100.0 |  26.5
               +-------+-------+-------+-------+-------+----------------------
